 Dungeon Crawl Stone Soup version 0.25-a0-516-g7d600cd9ad (webtiles) character file.

Game seed: 1481183550847425769, levelgen mode: deterministic

88 FMitz the Skirmisher (level 4, -4/41 HPs)
             Began as a Hill Orc Fighter on Feb 17, 2020.
             Was an Initiate of Beogh.
             Slain by a gnoll
             ... wielding a +0 spear
              (5 damage)
             ... on level 3 of the Dungeon.
             The game lasted 00:05:26 (1599 turns).

FMitz the Skirmisher (Hill Orc Fighter)             Turns: 1599, Time: 00:05:27

Health: -4/41      AC:  7    Str: 18    XL:     4   Next: 53%
Magic:  4/4        EV:  7    Int:  8    God:    Beogh [......]
Gold:   129        SH:  9    Dex: 11    Spells: 3/3 levels left

rFire    . . .     SeeInvis .   a - +0 war axe
rCold    . . .     Gourm    .   c - +0 kite shield
rNeg     . . .     Faith    .   b - +0 scale mail
rPois    .         Spirit   .   t - +0 hat
rElec    .         Reflect  .   (no cloak)
rCorr    .         Harm     .   (no gloves)
MR       .....                  (no boots)
Stlth    ..........             (no amulet)
HPRegen  0.13/turn              (no ring)
MPRegen  0.09/turn              (no ring)

@: no status effects
A: no striking features
a: Renounce Religion


You were on level 3 of the Dungeon.
You worshipped Beogh.
Beogh was noncommittal.
You were not hungry.

You visited 1 branch of the dungeon, and saw 3 of its levels.

You collected 129 gold pieces.

Inventory:

Hand Weapons
 a - a +0 war axe (weapon)
Armour
 b - a +0 scale mail (worn)
 c - a +0 kite shield (worn)
 t - a +0 hat (worn)
Jewellery
 o - an uncursed ring of stealth {unknown}
Scrolls
 e - a scroll of enchant armour {unknown}
 k - a scroll of magic mapping {unknown}
 l - a scroll of enchant weapon {unknown}
 m - a scroll of immolation {unknown}
 n - a scroll of identify {unknown}
 q - a scroll of amnesia {unknown}
 s - a scroll of remove curse {unknown}
 u - a scroll of fog {unknown}
Potions
 d - a potion of might
 g - 2 potions of curing {unknown}
 h - 2 potions of heal wounds {unknown}
 i - a potion of ambrosia {unknown}
 j - 2 potions of haste {unknown}
 p - 2 potions of mutation {unknown}
 r - a potion of invisibility {unknown}
Comestibles
 f - 7 rations


   Skills:
 + Level 4.3 Fighting
 + Level 3.9 Axes
 + Level 4.0 Armour
 + Level 4.0 Shields


You had 3 spell levels left.
You didn't know any spells.
Your spell library was empty.

Dungeon Overview and Level Annotations

Branches:
Dungeon (3/15)

Altars:


Message History

* * * LOW HITPOINT WARNING * * *
You slash the hobgoblin!
You kill the hobgoblin!
Beogh accepts your kill.
You hit the giant cockroach.
The gnoll hits you from afar with a +0 spear.
* * * LOW HITPOINT WARNING * * *
The giant cockroach bites you but does no damage.
The gnoll hits you from afar with a +0 spear.
* * * LOW HITPOINT WARNING * * *
You block the giant cockroach's attack. You block the gnoll's attack.
The gnoll hits you from afar with a +0 spear.
* * * LOW HITPOINT WARNING * * *
Things that are here:
a glowing dark potion; a scroll labeled VAIGHO TOAM; 17 gold pieces
p - 2 glowing dark potions (gained 1)
The gnoll hits you but does no damage.
The gnoll hits you from afar with a +0 spear.
You die...

### #(.#### #.#.#.####
#...#..#†####
#####.#...#...#.######
#.()....#...#.g.K....#
#.###.#gK.#..g#.####g# .
##.###.gg#..#.####....g
#.###...##@#.#.####........
#........#.s#### ..#######
##.##...##### #.........#
#.###.##### ####.###.##
#...>.....# #.#######.# #.#
#.#


You could see 3 gnolls, a giant cockroach and a kobold.

Vanquished Creatures
  2 adders (D:3)
  2 oozes
  A worm (D:3)
  3 dart slugs
  2 orcs (D:3)
  6 bats
  A giant cockroach (D:1)
  5 goblins
  12 hobgoblins
  4 kobolds
  A quokka (D:2)
  2 ball pythons (D:1)
  7 frilled lizards
  4 rats (D:1)
52 creatures vanquished.

Vanquished Creatures (others)
  An orc priest (D:3)
  3 orcs (D:3)
4 creatures vanquished.

Grand Total: 56 creatures vanquished

Notes
Turn   | Place    | Note
-------+----------+-------------------------------------------
     0 | D:1      | FMitz the Hill Orc Fighter began the quest for the Orb.
     0 | D:1      | Reached XP level 1. HP: 19/19 MP: 1/1
    45 | D:1      | Reached XP level 2. HP: 22/27 MP: 2/2
   250 | D:1      | Reached XP level 3. HP: 31/33 MP: 3/3
   901 | D:2      | Reached XP level 4. HP: 40/40 MP: 4/4
  1298 | D:3      | Became a worshipper of Beogh the Brigand
  1598 | D:3      | HP: 1/41 [gnoll/+0 spear (3)]
  1599 | D:3      | Slain by a gnoll

Levels and vault maps discovered:
D:1:      dpeg_arrival_boxes_within_box, layout_rooms, wad_woods_river_04
D:2:      layout_loops_ring, first_ration
D:3:      minmay_spotlight, layout_loops_ring, elyvilon_altar_5

Skill      XL: |  1  2  3  4 |
---------------+-------------+-----
Axes           | 3 |  3.9
Fighting       | 4 |  4.3
Armour         | 4 |  4.0
Shields        | 4 |  4.0

Action                   |  1- 3 |  4- 6 || total
-------------------------+-------+-------++-------
Melee: War axe           |   159 |    26 ||   185
Invok: Convert to Beogh  |       |     1 ||     1
  Eat: Chunk             |       |     3 ||     3
Armor: Scale mail        |    75 |    15 ||    90
Dodge: Dodged            |    58 |    14 ||    72
Block: Kite shield       |    96 |    16 ||   112

Table legend:
 A = Non-vault XP
 B = Vault XP
 C = Vault XP percentage of total XP
 D = Non-vault monster count
 E = Vault monster count
 F = Vault count percentage of total count
                 A         B        C        D         E       F
            +---------+---------+-------+---------+---------+-------
      Total |     111 |      15 |  11.9 |      47 |       5 |   9.6
            +---------+---------+-------+---------+---------+-------
        D:1 |      53 |       0 |   0.0 |      28 |       0 |   0.0
        D:2 |      30 |       0 |   0.0 |      15 |       0 |   0.0
        D:3 |      28 |      15 |  34.9 |       4 |       5 |  55.6
            +---------+---------+-------+---------+---------+-------
